 Dungeon Crawl Stone Soup version 0.23.2-1-ga50397a (webtiles) character file.

Game seed: 7509600300850582029

790 cab the Digger (level 7, 0/37 HPs)
             Began as a Gargoyle Earth Elementalist on May 27, 2019.
             Slain by a gnoll
             ... wielding a +0 spear
              (4 damage)
             ... on level 3 of the Dungeon.
             The game lasted 00:17:07 (5497 turns).

cab the Digger (Gargoyle Earth Elementalist)        Turns: 5497, Time: 00:17:08

Health: 0/37       AC:  8    Str: 11    XL:     7   Next: 87%
Magic:  14/14      EV: 11    Int: 18    God:
Gold:   165        SH:  0    Dex: 10    Spells: 11/15 levels left

rFire    . . .     SeeInvis .   e - +3 flail (crush)
rCold    . . .     Gourm    .   (no shield)
rNeg     + . .     Faith    .   l - +1 leather armour
rPois    ∞         Spirit   .   (no helmet)
rElec    +         Reflect  .   (no cloak)
rCorr    .         Harm     .   (no gloves)
MR       .....                  (no boots)
Stlth    ++........             (no amulet)
HPRegen  0.12/turn              (no ring)
MPRegen  0.14/turn              (no ring)

@: no status effects
A: negative energy resistance 1, electricity resistance, unbreathing,
petrification resistance, rot immunity, AC +4
a: no special abilities


You were on level 3 of the Dungeon.
You were not hungry.

You visited 1 branch of the dungeon, and saw 3 of its levels.

You collected 165 gold pieces.

Inventory:

Hand Weapons
 e - a +3 flail of crushing (weapon)
 k - a +0 club
Missiles
 b - 139 stones (quivered)
Armour
 c - a +0 robe
 i - a +0 buckler
 l - a +1 leather armour (worn)
Magical Staves
 n - an uncursed staff of power {unknown}
Wands
 p - a wand of flame (12)
Scrolls
 j - 2 scrolls of teleportation
 m - 2 scrolls of remove curse {unknown}
 o - a scroll of amnesia {unknown}
Potions
 a - 3 potions of curing {unknown}
 f - 2 potions of flight {unknown}
 g - 2 potions of lignification {unknown}
 h - a potion of haste {unknown}
Comestibles
 d - 4 rations
 q - a chunk of flesh


   Skills:
 + Level 0.4 Fighting
 - Level 1.0 Maces & Flails
 - Level 1.0 Armour
 - Level 1.5 Dodging
 - Level 2.1 Stealth
 + Level 4.8 Spellcasting
 - Level 4.1 Conjurations
   Level 0.7 Transmutations
 + Level 7.2 Earth Magic


You had 11 spell levels left.
You knew the following spells:

 Your Spells              Type           Power        Failure   Level  Hunger
a - Sandblast             Erth           ####..       1%          1    None
b - Stone Arrow           Conj/Erth      ###...       4%          3    ###....

Your spell library contained the following spells:

 Spells                   Type           Power        Failure   Level  Hunger
 Passwall                 Tmut/Erth      ###.....     5%          2    #......
 Lee's Rapid Deconstruct  Erth           ####......   26%         5    ######.
 Petrify                  Tmut/Erth      ###.....     34%         4    ####...


Dungeon Overview and Level Annotations

Branches:
Dungeon (3/15)

Altars:


Innate Abilities, Weirdness & Mutations

You are resistant to torment.
Your stone body is resilient. (AC +4)
You are immune to poison.
You resist negative energy. (rN+)
You are resistant to electric shocks. (rElec)
You can survive without breathing.
You are immune to petrification.
You are immune to rotting.


Message History

The goblin hits you with a cursed -1 club.
* * * LOW HITPOINT WARNING * * *
The gnoll hits you but does no damage. The hobgoblin barely misses you.
The goblin barely misses you.
You sock the goblin!
You kill the goblin!
The gnoll hits you but does no damage. The hobgoblin closely misses you.
The gnoll misses you. The gnoll hits you but does no damage.
The hobgoblin barely misses you.
You sock the hobgoblin!
You kill the hobgoblin!
The gnoll completely misses you.
You hit the gnoll.
The gnoll is heavily wounded.
The gnoll barely misses you. The gnoll misses you.
You hit the gnoll.
You kill the gnoll!
The gnoll hits you but does no damage.
The gnoll hits you from afar with a +0 spear.
You die...

###### ##### ############
#....# ......#)..........
#....# ......)g)@........
#....#########...........
......#..........########
......'..........#
).....#..........######
#)...#########.........
#.)..#.......).........
#....#.......#......... #
##''#########################
#


You could see a gnoll.

Vanquished Creatures
  Grinder (D:3)
  4 big kobolds (D:3)
  Terence (D:2)
  Jessica (D:2)
  Natasha (thrice) (D:3)
  5 gnolls (D:3)
  3 adders (D:2)
  2 worms
  A dart slug (D:1)
  A leopard gecko (D:2)
  An orc (D:3)
  5 giant cockroaches
  18 hobgoblins
  4 jackals (D:1)
  A ball python (D:3)
  7 bats
  4 frilled lizards
  26 goblins
  5 kobolds
  9 rats
102 creatures vanquished.

Vanquished Creatures (others)
  A hobgoblin (D:3)
1 creature vanquished.

Grand Total: 103 creatures vanquished

Notes
Turn   | Place    | Note
-------+----------+-------------------------------------------
     0 | D:1      | cab the Gargoyle Earth Elementalist began the quest for the
                  | Orb.
     0 | D:1      | Reached XP level 1. HP: 10/10 MP: 3/3
   185 | D:1      | Reached skill level 4 in Earth Magic
   225 | D:1      | Reached XP level 2. HP: 15/15 MP: 3/5
  1258 | D:1      | Reached XP level 3. HP: 19/19 MP: 6/6
  1850 | D:2      | Noticed Terence
  1855 | D:2      | Killed Terence
  1855 | D:2      | Reached XP level 4. HP: 12/24 MP: 2/8
  2114 | D:2      | Reached skill level 1 in Armour
  2437 | D:2      | Learned a level 3 spell: Stone Arrow
  2639 | D:2      | Reached skill level 5 in Earth Magic
  2884 | D:2      | Noticed Jessica
  2896 | D:2      | Reached skill level 1 in Maces & Flails
  2930 | D:2      | Killed Jessica
  2930 | D:2      | Reached skill level 1 in Conjurations
  2930 | D:2      | Reached XP level 5. HP: 23/28 MP: 7/9
  3658 | D:3      | Noticed Natasha
  3664 | D:3      | Killed Natasha
  3851 | D:3      | Noticed Grinder
  3864 | D:3      | Killed Grinder
  3864 | D:3      | Reached skill level 6 in Earth Magic
  3864 | D:3      | Reached XP level 6. HP: 29/33 MP: 3/11
  4244 | D:3      | Noticed Natasha
  4254 | D:3      | Killed Natasha
  4469 | D:3      | Noticed Natasha
  4471 | D:3      | Killed Natasha
  4471 | D:3      | Reached XP level 7. HP: 37/37 MP: 11/13
  4703 | D:3      | Reached skill level 7 in Earth Magic
  5497 | D:3      | Slain by a gnoll

Skill      XL: |  1  2  3  4  5  6  7 |
---------------+----------------------+-----
Earth Magic    | 4 5 6 7 |  7.2
Armour         | 1 |  1.0
Maces & Flails | 1 |  1.0
Spellcasting   | 3 4 |  4.8
Conjurations   | 1 3 4 |  4.1
Fighting       | |  0.4
Dodging        | |  1.5
Stealth        | |  2.1
Transmutations | |  0.7

Action                   |  1- 3 |  4- 6 |  7- 9 || total
-------------------------+-------+-------+-------++-------
Melee: Unarmed           |    47 |       |       ||    47
       Club              |    35 |       |       ||    35
       Flail             |       |    88 |    91 ||   179
 Cast: Sandblast         |    25 |    21 |     5 ||    51
       Stone Arrow       |       |     2 |     1 ||     3
  Use: Scroll            |     2 |       |       ||     2
  Eat: Chunk             |     3 |     9 |     3 ||    15
Armor: Robe              |    12 |       |       ||    12
       Leather armour    |    30 |    51 |    71 ||   152
Dodge: Dodged            |    61 |    75 |    95 ||   231
